 Dungeon Crawl Stone Soup version 0.28.0-55-gcd9437bce4 (webtiles) character file.

Game seed: 18435330485515709807

3815 nerdsy the Slicer (level 9, -1/121 HPs)
             Began as a Deep Dwarf Fighter on Jan 2, 2023.
             Slain by an orc knight
             ... wielding a +0 war axe
              (17 damage)
             ... in a bailey.
             The game lasted 00:30:32 (5787 turns).

nerdsy the Slicer (Deep Dwarf Fighter)              Turns: 5787, Time: 00:30:32

Health: -1/121     AC: 16    Str: 23    XL:     9   Next: 97%
Magic:  7/7        EV: 10    Int: 15    God:
Gold:   339        SH:  9    Dex: 12    Spells: 8/8 levels left

rFire   . . .      SeeInvis .   b - +9 dagger of Doduqodd {speed, Contam *Rage Fly Int+5}
rCold   . . .      Faith    .   E - +0 kite shield
rNeg    . . .      Spirit   .   m - +0 plate armour
rPois   .          Reflect  .   (no helmet)
rElec   .          Harm     .   p - +0 cloak
rCorr   .          Rampage  .   N - +0 pair of gloves
Will    +....      Rage     20% (no boots)
Stlth   ..........              (no amulet)
HPRegen 0.00/turn               x - +4 ring of evasion
MPRegen 0.10/turn               (no ring)

@: berserking, marked, flying, studying Short Blades, very quick
A: damage resistance, heal wounds, sense surroundings 2, no regeneration
a: Heal Wounds


You were in a bailey.
You visited 1 branch of the dungeon, and saw 7 of its levels.
You also visited: Bailey.

You collected 339 gold pieces.

Inventory:

Hand Weapons
 a - a +1 dagger of speed
 b - the +9 dagger of Doduqodd (weapon) {speed, Contam *Rage Fly Int+5}
   (You found it on level 3 of the Dungeon)

   Attacks with this weapon are significantly faster.
   Int:       It affects your intelligence (+5).
   Fly:       It grants you flight.
   *Rage:     It berserks you when you make melee attacks (+20% chance).
   Contam:    It causes magical contamination when unequipped.
 u - a +0 dagger of protection
 v - a +0 arbalest
 z - a +0 vampiric hand axe
 B - a +2 hand axe of venom
 F - a +1 broad axe of venom
 I - a +2 vorpal spear
 M - a +5 long sword of freezing
Missiles
 g - 243 stones
 h - 65 bolts
 q - 31 sling bullets
 w - 27 boomerangs
 A - 78 arrows
 C - 10 poisoned darts
Armour
 m - a +0 plate armour (worn)
 p - a +0 cloak (worn)
 E - a +0 kite shield (worn)
 H - a scarf of resistance
 N - a +0 pair of gloves (worn)
Jewellery
 x - a +4 ring of evasion (left hand)
Wands
 o - a wand of digging (6)
 G - a wand of paralysis (6)
Scrolls
 c - a scroll of brand weapon {unknown}
 e - 3 scrolls of magic mapping
 i - a scroll of amnesia
 k - a scroll of enchant weapon
 l - 2 scrolls of teleportation
 y - a scroll of blinking
 J - a scroll of vulnerability
Potions
 d - 2 potions of might
 f - 4 potions of flight
 j - 2 potions of brilliance {unknown}
 n - 2 potions of curing {unknown}
 r - a potion of heal wounds {unknown}
 s - a potion of attraction {unknown}
 t - 2 potions of magic {unknown}
 D - a potion of ambrosia {unknown}


   Skills:
 + Level 5.5 Fighting
 + Level 9.1 Short Blades
 + Level 4.9 Axes
 + Level 8.1 Armour
 + Level 1.8 Dodging
 + Level 1.5 Stealth
 + Level 5.6 Shields


You had 8 spell levels left.
You didn't know any spells.
Your spell library contained the following spells:

 Spells                   Type           Power      Damage    Failure   Level
 Scorch                   Fire           0%         2d5       100%        2
 Sublimation of Blood     Necr           0%         N/A       100%        2
 Wereblood                Tmut           0%         N/A       100%        2
 Ignite Poison            Fire/Tmut/Pois 0%         N/A       100%        3
 Mephitic Cloud           Conj/Pois/Air  0%         N/A       100%        3
 Ozocubu's Armour         Ice            0%         N/A       100%        3
 Flame Wave               Conj/Fire      0%         2d4       100%        4
 Freezing Cloud           Conj/Ice/Air   0%         6-21      100%        5
 Metabolic Englaciation   Hex/Ice        0%         N/A       100%        5
 Simulacrum               Ice/Necr       0%         N/A       100%        6
 Summon Cactus Giant      Summ           0%         N/A       100%        6
 Ozocubu's Refrigeration  Ice            0%         4d5       100%        7
 Summon Hydra             Summ           0%         N/A       100%        7


Dungeon Overview and Level Annotations

Branches:
Dungeon (7/15)             Temple (0/1) D:5          Bailey (1/1)

Altars:
Yredelemnul


Innate Abilities, Weirdness & Mutations

You are resistant to damage.
You can heal yourself by infusing magical energy.
You passively map the area around you.
You do not regenerate.


Message History

The orc warrior barely misses you.
A red film seems to cover your vision as you go berserk!
You feel yourself moving faster!
You feel mighty!
You hit the orc knight but do no damage.
The orc knight is lightly wounded.
You are too berserk!
You closely miss the orc knight.
The orc knight is lightly wounded.
The orc knight completely misses you. You block the orc warrior's attack.
You barely miss the orc knight.
The orc knight is lightly wounded.
You closely miss the orc knight.
The orc knight is lightly wounded.
The orc knight closely misses you.
You puncture the orc knight!
The orc knight is moderately wounded.
You block the orc warrior's attack.
You hit the orc knight but do no damage.
The orc knight is moderately wounded.
You puncture the orc knight!
The orc knight is moderately wounded.
The orc knight hits you with a +0 war axe!!
* * * LOW HITPOINT WARNING * * *
You closely miss the orc knight.
The orc knight is moderately wounded.
You block the orc warrior's attack.
You puncture the orc knight!
The orc knight is heavily wounded.
You hit the orc knight but do no damage.
The orc knight is heavily wounded.
The orc knight barely misses you.
You puncture the orc knight!
The orc knight is severely wounded.
The orc warrior closely misses you.
You puncture the orc knight!
The orc knight is almost dead.
You closely miss the orc knight.
The orc knight is almost dead.
The orc knight hits you with a +0 war axe!!
You die...

##...#.......#
###########.#############
##........†...(..........####
#.......#########...........##
#..###### , ##'#.........## ...#
#..# , #.†#....⌠.....# ...#'#..#
...o #))###.......## ≈..#
'..####'####).':#.....###
≈≈.###...^..oogo@..###......#####
≈≈≈≈.#og####'####o.#...††≈≈≈≈≈≈≈≈
≈≈≈≈≈####.......####)≈≈†≈≈≈≈≈≈≈##
##≈≈≈≈≈∩#...[go.#∩≈≈≈≈≈≈)....###
###≈≈≈≈#########≈≈≈≈≈......##
###≈≈≈≈≈≈≈≈≈≈≈≈≈........##
###≈≈≈≈≈≈≈≈≈........###
##.............####
##..∩......####


You could see an orc knight, 3 orc warriors and a goblin.

Vanquished Creatures
  Maggie (D:6)
  Grinder (D:5)
  A hornet (D:7)
  The ghost of bronco the Gouger, an amateur FeMo of Makhleb (D:5)
  3 orc warriors
  A black bear (D:7)
  A sky beast (D:5)
  3 necrophages (D:5)
  2 ogres
  2 centaurs (D:7)
  A phantom (D:7)
  Blork the orc (D:4)
  3 bullfrogs
  A gnoll sergeant (D:7)
  A wyvern zombie (D:5)
  2 scorpions
  3 water moccasin zombies (D:5)
  A water moccasin skeleton (D:5)
  5 wights
  A centaur zombie (D:7)
  3 bullfrog zombies
  A gnoll shaman (D:6)
  A human zombie (D:5)
  A bullfrog skeleton (D:5)
  3 orc priests
  2 hounds
  2 iguanas
  Terence (D:3)
  4 orc wizards
  2 scorpion zombies (D:5)
  A hound zombie (D:3)
  2 mummies (D:5)
  A howler monkey zombie (D:5)
  10 gnolls
  7 adders
  A shadow imp (D:5)
  An adder zombie (D:5)
  2 worms
  A dart slug (D:2)
  20 orcs
  8 ball pythons
  6 bats
  5 endoplasms
  6 giant cockroaches
  13 goblins
  8 hobgoblins
  3 jackals (D:1)
  17 kobolds
  2 quokkas (D:1)
  5 frilled lizards
  5 rats
179 creatures vanquished.

Notes
Turn   | Place    | Note
-------+----------+-------------------------------------------
     0 | D:1      | nerdsy the Deep Dwarf Fighter began the quest for the Orb.
     0 | D:1      | Reached XP level 1. HP: 20/20 MP: 1/1
    91 | D:1      | Found a faded altar of an unknown god.
   124 | D:1      | Reached XP level 2. HP: 20/27 MP: 2/2
  1086 | D:2      | Reached XP level 3. HP: 18/33 MP: 3/3
  1260 | D:2      | Reached skill level 1 in Dodging
  1260 | D:2      | Reached XP level 4. HP: 15/40 MP: 3/3
  1754 | D:3      | Identified the +9 dagger of Doduqodd {speed, Contam *Rage
                  | Fly Int+5}
  1942 | D:3      | Reached XP level 5. HP: 49/49 MP: 3/3
  2531 | D:3      | Noticed Terence
  2538 | D:3      | Killed Terence
  2975 | D:4      | Noticed Blork the orc
  2987 | D:4      | Killed Blork the orc
  2988 | D:4      | Reached skill level 1 in Short Blades
  2988 | D:4      | Reached XP level 6. HP: 27/56 MP: 4/4
  3485 | D:5      | Entered Level 5 of the Dungeon
  3509 | D:5      | Found a staircase to the Ecumenical Temple.
  3524 | D:5      | Reached skill level 2 in Short Blades
  3541 | D:5      | Found a transporter.
  3541 | D:5      | Noticed bronco's ghost (amateur FeMo)
  3558 | D:5      | Reached skill level 5 in Armour
  3563 | D:5      | Reached XP level 7. HP: 32/62 MP: 5/5
  3592 | D:5      | Reached skill level 3 in Short Blades
  3679 | D:5      | Noticed Grinder
  3689 | D:5      | Killed Grinder
  3690 | D:5      | Reached skill level 4 in Short Blades
  3707 | D:5      | Found a basalt altar of Yredelemnul.
  3742 | D:5      | Reached skill level 5 in Short Blades
  3742 | D:5      | Reached XP level 8. HP: 35/72 MP: 6/6
  3832 | D:5      | Reached skill level 6 in Short Blades
  4345 | D:5      | Found a transporter.
  4422 | D:5      | Reached skill level 1 in Stealth
  4440 | D:5      | Killed bronco's ghost
  4609 | D:6      | Reached skill level 7 in Short Blades
  4632 | D:6      | Gained mutation: You passively map the area around you.
                  | [Deep Dwarf growth]
  4632 | D:6      | Reached XP level 9. HP: 79/79 MP: 7/7
  4678 | D:6      | Noticed Maggie
  4688 | D:6      | Killed Maggie
  4886 | D:6      | Reached skill level 5 in Fighting
  5053 | D:7      | Found a flagged portal.
  5070 | D:7      | Reached skill level 8 in Short Blades
  5083 | D:7      | Reached skill level 5 in Shields
  5569 | Bailey   | Entered a bailey
  5596 | Bailey   | Reached skill level 9 in Short Blades
  5722 | Bailey   | Identified the amulet of Usugeppy {Regen+ Str-5 Int+7}
  5725 | Bailey   | Noticed an orc knight
  5787 | Bailey   | Slain by an orc knight

Illustrated notes

Levels and vault maps discovered:
D:1:      dpeg_arrival_connections, layout_basic,
          hellmonk_ecumenical_altar_run_dry, serial_park_tiny_pond,
          amethyst_killhole, grunt_decor_junction,
          amcnicky_mini_corridor_feature
D:2:      layout_loops_ring, minmay_three_crescents
D:3:      minmay_chambers_of_twos, layout_basic, grunt_ministairs_15,
          uniq_terence
D:4:      layout_gridville, uniq_blork_the_orc
D:5:      layout_basic, lemuel_mausoleum_altar_yredelemnul,
          minmay_temple_entry_gardened_gates, gammafunk_ghost_mausoleum,
          uniq_grinder
D:6:      layout_rooms, uniq_maggie
D:7:      layout_basic, enter_bailey_5, grunt_decor_cap, minmay_manual_mares
Bailey:   bailey_axe_4, bailey

Skill      XL: |  1  2  3  4  5  6  7  8  9 |
---------------+----------------------------+-----
Axes           | 3 4 |  4.9
Dodging        | 1 |  1.8
Fighting       | 3 4 5 |  5.5
Armour         | 4 5 6 8 |  8.1
Short Blades   | 1 2 5 7 9 |  9.1
Shields        | 4 5 |  5.6
Stealth        | 1 |  1.5

Action                   |  1- 3 |  4- 6 |  7- 9 || total
-------------------------+-------+-------+-------++-------
Melee: War axe           |    88 |    32 |       ||   120
       Dagger            |       |   110 |   398 ||   508
 Abil: Heal Wounds       |     2 |     2 |     6 ||    10
  Use: Scroll            |       |     4 |     2 ||     6
Armor: Scale mail        |    48 |    23 |       ||    71
       Plate armour      |       |    54 |   113 ||   167
Dodge: Dodged            |    64 |    42 |   117 ||   223
Block: Buckler           |    21 |    21 |    42 ||    84
       Kite shield       |       |       |    45 ||    45
